| TOP OF THE 1ST |
|
Houston Colt .45's batting - Pitching for Colorado Avalanche : RHP Dan Hoffman
|
|
Pitching: RHP Dan Hoffman
|
|
|
Batting: LHB Lou Toth
|
0-0: Ball 1-0: Called Strike 1-1: Foul Ball, location: 2F 1-2: Fly out, F6 (Popup, 6MS, EV 80.0 MPH)
|
|
Batting: RHB Juan Mendoza
|
0-0: Swinging Strike 0-1: Called Strike 0-2: Foul Ball, location: 2F 0-2: SINGLE (Groundball, 6MD, EV 95.0 MPH)
|
|
Batting: LHB Bob Dietz
|
0-0: Called Strike 0-1: Fly out, F5 (Popup, 56, EV 78.8 MPH)
|
|
Batting: RHB Sean Mounts
|
0-0: Foul Ball, location: 2F 0-1: Ball 1-1: Foul Ball, location: 2F 1-2: 2-RUN HOME RUN (Flyball, 7LD, EV 95.6 MPH), Distance : 357 ft
|
|
Batting: LHB Jackson Trottier
|
0-0: Ball 1-0: SOLO HOME RUN (Flyball, 89XD, EV 103.1 MPH), Distance : 426 ft
|
|
Batting: RHB Jarno van Lente
|
0-0: Called Strike 0-1: Called Strike 0-2: Ball 1-2: SINGLE (Flyball, 5D, EV 95.0 MPH)
|
|
Batting: RHB To-wai Chen
|
0-0: Called Strike Balk! Jarno van Lente to second 0-1: Ball 1-1: Ground out 6-3 (Groundball, 6, EV 101.2 MPH)
|
| Top of the 1st over - 3 runs, 4 hits, 0 errors, 1 left on base; Houston 3 - Colorado 0 |
| BOTTOM OF THE 1ST |
|
Colorado Avalanche batting - Pitching for Houston Colt .45's : RHP Moises Hernandez Jr.
|
|
Pitching: RHP Moises Hernandez Jr.
|
|
|
Batting: RHB Matviy Oliynyk
|
0-0: Ground out 6-3 (Groundball, 6, EV 81.2 MPH)
|
|
Batting: RHB John Corfield
|
0-0: Called Strike 0-1: Foul Ball, location: 2F 0-2: Ball 1-2: Fly out, F2 (Popup, 13S, EV 90.0 MPH)
|
|
Batting: SHB Justin Jackson
|
0-0: Foul Ball, location: 2F 0-1: Reached on error, E4 (Groundball, 4, EV 82.5 MPH)
|
|
Batting: LHB Georges Lambert
|
0-0: Ball 1-0: Swinging Strike 1-1: Swinging Strike 1-2: Ball 2-2: Foul Ball, location: 2F 2-2: Foul Ball, location: 2F 2-2: Foul Ball, location: 2F 2-2: Strikes out swinging
|
| Bottom of the 1st over - 0 runs, 0 hits, 1 error, 1 left on base; Houston 3 - Colorado 0 |
| TOP OF THE 2ND |
|
Houston Colt .45's batting - Pitching for Colorado Avalanche : RHP Dan Hoffman
|
|
Batting: RHB Keith Goodwin
|
0-0: Swinging Strike 0-1: Ball 1-1: Fly out, F7 (Flyball, 7, EV 75.6 MPH)
|
|
Batting: RHB Gabe Allen
|
0-0: Reached on error, E5 (Groundball, 56, EV 86.2 MPH)
|
|
Batting: LHB Lou Toth
|
0-0: Ball Gabe Allen steals 2nd base 1-0: SINGLE (Line Drive, 89M, EV 105.6 MPH) Gabe Allen to third
|
|
Batting: RHB Juan Mendoza
|
0-0: Ball 1-0: SINGLE (Line Drive, 7S, EV 105.6 MPH) Gabe Allen scores Lou Toth to second
|
|
Batting: LHB Bob Dietz
|
0-0: Ball 1-0: Swinging Strike 1-1: Ball 2-1: Foul Ball, location: 2F 2-2: SINGLE (Groundball, 6MD, EV 101.2 MPH) Lou Toth to third Juan Mendoza to second Runner from 3rd tries for Home, SAFE, throw by CF to home
|
|
Batting: RHB Sean Mounts
|
0-0: Called Strike 0-1: Ball 1-1: Foul Ball, location: 2F 1-2: DOUBLE (Line Drive, 7D, EV 102.5 MPH) Juan Mendoza scores Bob Dietz to third
|
|
Batting: LHB Jackson Trottier
|
0-0: SINGLE (Flyball, 4MD, EV 97.5 MPH) Bob Dietz scores Sean Mounts to third
|
|
Batting: RHB Jarno van Lente
|
0-0: Ball 1-0: Foul Ball, location: 2F 1-1: Called Strike 1-2: Foul Ball, location: 2F 1-2: Ball 2-2: Foul Ball, location: 2F 2-2: Ball 3-2: Base on Balls Jackson Trottier to second
|
|
Batting: RHB To-wai Chen
|
0-0: Fly out, F8 (Flyball, 78D, EV 90.6 MPH) Runner from 3rd tags up, SCORES, no throw by CF
|
|
Pitching: RHP Josh Lofgreen
|
|
|
Batting: RHB Keith Goodwin
|
0-0: Ball 1-0: Ball 2-0: Called Strike 2-1: Ground out 4-3 (Groundball, 4, EV 81.9 MPH)
|
| Top of the 2nd over - 5 runs, 5 hits, 1 error, 2 left on base; Houston 8 - Colorado 0 |
| BOTTOM OF THE 2ND |
|
Colorado Avalanche batting - Pitching for Houston Colt .45's : RHP Moises Hernandez Jr.
|
|
Batting: RHB Bob Hayes
|
0-0: Foul Ball, location: 2F 0-1: SINGLE (Flyball, 3D, EV 86.2 MPH)
|
|
Batting: RHB Maurice Moore
|
0-0: Ball 1-0: Ball 2-0: Called Strike 2-1: Fielders Choice at 2nd, 5-4 (Groundball, 25, EV 83.8 MPH)
|
|
Batting: RHB Chris Kinder
|
Pickoff Throw to First - Out! 1-3 0-0: Ball 1-0: Fly out, F4 (Flyball, 34D, EV 90.6 MPH)
|
| Bottom of the 2nd over - 0 runs, 1 hit, 0 errors, 0 left on base; Houston 8 - Colorado 0 |
| TOP OF THE 3RD |
|
Houston Colt .45's batting - Pitching for Colorado Avalanche : RHP Josh Lofgreen
|
|
Batting: RHB Gabe Allen
|
0-0: Foul Ball, location: 2F 0-1: Foul Ball, location: 2F 0-2: Foul Ball, location: 2F 0-2: Foul Ball, location: 2F 0-2: Ground out 5-3 (Groundball, 56S, EV 85.6 MPH)
|
|
Batting: LHB Lou Toth
|
0-0: Ball 1-0: Ball 2-0: Hit by Pitch
|
|
Batting: RHB Juan Mendoza
|
0-0: Foul Ball, location: 2F 0-1: Ball 1-1: Foul Ball, location: 2F 1-2: Ball 2-2: Foul Ball, location: 2F 2-2: Foul Ball, location: 2F 2-2: Foul Ball, location: 2F 2-2: Ball 3-2: Foul Ball, location: 2F 3-2: Fly out, F7 (Flyball, 7LS, EV 82.5 MPH)
|
|
Batting: LHB Bob Dietz
|
0-0: Fly out, F7 (Flyball, 7S, EV 85.6 MPH)
|
| Top of the 3rd over - 0 runs, 0 hits, 0 errors, 1 left on base; Houston 8 - Colorado 0 |
| BOTTOM OF THE 3RD |
|
Colorado Avalanche batting - Pitching for Houston Colt .45's : RHP Moises Hernandez Jr.
|
|
Batting: SHB Craig Ruzic
|
0-0: Ground out 6-3 (Groundball, 6, EV 79.4 MPH)
|
|
Batting: SHB Clayton Saunders
|
0-0: Ball 1-0: Called Strike 1-1: Ball 2-1: Foul Ball, location: 2F 2-2: Strikes out swinging
|
|
Batting: RHB Matviy Oliynyk
|
0-0: Foul Ball, location: 2F 0-1: Called Strike 0-2: Foul Ball, location: 2F 0-2: Strikes out swinging
|
| Bottom of the 3rd over - 0 runs, 0 hits, 0 errors, 0 left on base; Houston 8 - Colorado 0 |
| TOP OF THE 4TH |
|
Houston Colt .45's batting - Pitching for Colorado Avalanche : RHP Josh Lofgreen
|
|
Batting: RHB Sean Mounts
|
0-0: Ball 1-0: Foul Ball, location: 2F 1-1: Foul Ball, location: 2F 1-2: Ground out 4-3 (Groundball, 4, EV 85.0 MPH)
|
|
Batting: LHB Jackson Trottier
|
0-0: Called Strike 0-1: Ball 1-1: Ball 2-1: Ball 3-1: Fly out, F8 (Flyball, 8RD, EV 109.4 MPH)
|
|
Batting: RHB Jarno van Lente
|
0-0: Ball 1-0: SINGLE (Groundball, P, EV 79.4 MPH) (infield hit)
|
|
Batting: RHB To-wai Chen
|
0-0: Ball 1-0: Called Strike 1-1: Ball 2-1: Ball 3-1: SINGLE (Line Drive, 34D, EV 94.4 MPH) Jarno van Lente to second
|
|
Batting: RHB Keith Goodwin
|
0-0: Ball 1-0: Ball 2-0: Swinging Strike 2-1: Fielders Choice at 2nd, 5-4 (Groundball, 56, EV 106.9 MPH)
|
| Top of the 4th over - 0 runs, 2 hits, 0 errors, 2 left on base; Houston 8 - Colorado 0 |
| BOTTOM OF THE 4TH |
|
Colorado Avalanche batting - Pitching for Houston Colt .45's : RHP Moises Hernandez Jr.
|
|
Batting: RHB John Corfield
|
0-0: Fly out, F4 (Popup, 34S, EV 81.9 MPH)
|
|
Batting: SHB Justin Jackson
|
0-0: Ball 1-0: Swinging Strike 1-1: Called Strike 1-2: Foul Ball, location: 2F 1-2: Strikes out looking
|
|
Batting: LHB Georges Lambert
|
0-0: Foul Ball, location: 2F 0-1: Ball 1-1: Foul Ball, location: 2F 1-2: Ball 2-2: SINGLE (Groundball, 4D, EV 105.0 MPH)
|
|
Batting: RHB Bob Hayes
|
0-0: Called Strike 0-1: Called Strike 0-2: Strikes out swinging
|
| Bottom of the 4th over - 0 runs, 1 hit, 0 errors, 1 left on base; Houston 8 - Colorado 0 |
| TOP OF THE 5TH |
|
Houston Colt .45's batting - Pitching for Colorado Avalanche : RHP Josh Lofgreen
|
|
Batting: RHB Gabe Allen
|
0-0: Called Strike 0-1: Called Strike 0-2: Ball 1-2: SINGLE (Groundball, 56D, EV 95.0 MPH)
|
|
Batting: LHB Lou Toth
|
0-0: Ball 1-0: Called Strike 1-1: Fly out, F9 (Flyball, 9LM, EV 73.8 MPH)
|
|
Batting: RHB Juan Mendoza
|
0-0: Ball 1-0: 2-RUN HOME RUN (Flyball, 78XD, EV 111.2 MPH), Distance : 436 ft
|
|
Pitching: RHP Ryan Ward
|
|
|
Batting: LHB Bob Dietz
|
0-0: Called Strike 0-1: Ball 1-1: Ball 2-1: SINGLE (Line Drive, 89S, EV 105.0 MPH)
|
|
Batting: RHB Sean Mounts
|
0-0: Called Strike 0-1: Ball Wild Pitch! Bob Dietz to second 1-1: Swinging Strike 1-2: Ball 2-2: Ball 3-2: SINGLE (Line Drive, 9S, EV 94.4 MPH) Bob Dietz to third
|
|
Batting: LHB Jackson Trottier
|
0-0: Ground out U3 (Groundball, 3S, EV 69.4 MPH) Bob Dietz scores Sean Mounts to second
|
|
Batting: RHB Jarno van Lente
|
0-0: Swinging Strike 0-1: Foul Ball, location: 2F 0-2: Foul Ball, location: 2F 0-2: Ball 1-2: Foul Ball, location: 2F 1-2: Fly out, F8 (Flyball, 8LD, EV 88.8 MPH)
|
| Top of the 5th over - 3 runs, 4 hits, 0 errors, 1 left on base; Houston 11 - Colorado 0 |
| BOTTOM OF THE 5TH |
|
Colorado Avalanche batting - Pitching for Houston Colt .45's : RHP Moises Hernandez Jr.
|
|
Batting: RHB Maurice Moore
|
0-0: Fly out, F8 (Flyball, 8LM, EV 90.0 MPH)
|
|
Batting: RHB Chris Kinder
|
0-0: Called Strike 0-1: Called Strike 0-2: Ball 1-2: Ball 2-2: Ball 3-2: Foul Ball, location: 2F 3-2: Base on Balls
|
|
Batting: SHB Craig Ruzic
|
0-0: SINGLE (Flyball, 89M, EV 91.9 MPH) Chris Kinder to second
|
|
Batting: SHB Clayton Saunders
|
0-0: Ball 1-0: Ball 2-0: Foul Ball, location: 2F 2-1: SINGLE (Line Drive, 4MD, EV 99.4 MPH) Chris Kinder to third Craig Ruzic to second
|
|
Batting: RHB Matviy Oliynyk
|
0-0: Called Strike 0-1: SINGLE (Groundball, 5S, EV 67.5 MPH) (infield hit) Chris Kinder scores Craig Ruzic to third Clayton Saunders to second
|
|
Batting: RHB John Corfield
|
0-0: Ball 1-0: Foul Ball, location: 2F 1-1: Ball 2-1: Swinging Strike 2-2: Strikes out swinging
|
|
Batting: SHB Justin Jackson
|
0-0: Ball 1-0: Called Strike 1-1: Ball 2-1: Swinging Strike 2-2: Ball 3-2: Strikes out looking
|
| Bottom of the 5th over - 1 run, 3 hits, 0 errors, 3 left on base; Houston 11 - Colorado 1 |
| TOP OF THE 6TH |
|
Houston Colt .45's batting - Pitching for Colorado Avalanche : RHP Ryan Ward
|
|
Batting: RHB To-wai Chen
|
0-0: Fly out, F6 (Popup, P, EV 86.2 MPH)
|
|
Batting: RHB Keith Goodwin
|
0-0: Swinging Strike 0-1: Fly out, F7 (Line Drive, 7, EV 95.0 MPH)
|
|
Batting: RHB Gabe Allen
|
0-0: Swinging Strike 0-1: Ball 1-1: Called Strike 1-2: Fly out, F8 (Flyball, 8RD, EV 107.5 MPH)
|
| Top of the 6th over - 0 runs, 0 hits, 0 errors, 0 left on base; Houston 11 - Colorado 1 |
| BOTTOM OF THE 6TH |
|
Colorado Avalanche batting - Pitching for Houston Colt .45's : RHP Moises Hernandez Jr.
|
|
Batting: LHB Georges Lambert
|
0-0: Called Strike 0-1: Called Strike 0-2: Ball 1-2: Ball 2-2: Ground out 6-3 (Groundball, 6M, EV 101.2 MPH)
|
|
Batting: RHB Bob Hayes
|
0-0: Swinging Strike 0-1: Ball 1-1: Ball 2-1: Foul Ball, location: 2F 2-2: SINGLE (Flyball, 4MD, EV 85.0 MPH)
|
|
Batting: RHB Maurice Moore
|
0-0: SINGLE (Popup, 5D, EV 68.8 MPH) Bob Hayes to second
|
|
Batting: RHB Chris Kinder
|
0-0: Called Strike 0-1: Ball 1-1: Reached on error, E6 (Groundball, 6M, EV 92.5 MPH) Bob Hayes to third Maurice Moore to second
|
|
Batting: SHB Craig Ruzic
|
0-0: Fly out, F9 (Flyball, 9, EV 94.4 MPH) Runner from 3rd tags up, SCORES, throw by RF Maurice Moore to third
|
|
Batting: SHB Clayton Saunders
|
0-0: Foul Ball, location: 2F 0-1: Swinging Strike 0-2: Strikes out looking
|
| Bottom of the 6th over - 1 run, 2 hits, 1 error, 2 left on base; Houston 11 - Colorado 2 |
| TOP OF THE 7TH |
|
Houston Colt .45's batting - Pitching for Colorado Avalanche : RHP Ryan Ward
|
|
Batting: LHB Lou Toth
|
0-0: Fly out, F7 (Line Drive, 7, EV 93.8 MPH)
|
|
Batting: RHB Juan Mendoza
|
0-0: Ground out 6-3 (Groundball, 6, EV 98.8 MPH)
|
|
Batting: LHB Bob Dietz
|
0-0: Ball 1-0: Ball 2-0: Called Strike 2-1: SINGLE (Line Drive, 8LS, EV 102.5 MPH)
|
|
Batting: RHB Sean Mounts
|
0-0: Ball Pickoff Throw to First - Out! 1-3
|
| Top of the 7th over - 0 runs, 1 hit, 0 errors, 0 left on base; Houston 11 - Colorado 2 |
| BOTTOM OF THE 7TH |
|
Colorado Avalanche batting - Pitching for Houston Colt .45's : RHP Moises Hernandez Jr.
|
|
Pinch Hitting: RHB Justin Garrett
|
0-0: Fly out, F8 (Line Drive, 8RM, EV 97.5 MPH)
|
|
Batting: RHB John Corfield
|
0-0: Swinging Strike 0-1: Foul Ball, location: 2F 0-2: Foul Ball, location: 2F 0-2: Ball 1-2: Fly out, F3 (Popup, 23F, EV 81.9 MPH)
|
|
Batting: SHB Justin Jackson
|
0-0: Foul Ball, location: 2F 0-1: Ball 1-1: Ball 2-1: Ground out 4-3 (Groundball, 4, EV 103.1 MPH)
|
| Bottom of the 7th over - 0 runs, 0 hits, 0 errors, 0 left on base; Houston 11 - Colorado 2 |
| TOP OF THE 8TH |
|
Houston Colt .45's batting - Pitching for Colorado Avalanche : RHP Ryan Ward
|
|
Now at 3B: Justin Garrett
|
|
|
Batting: RHB Sean Mounts
|
0-0: Foul Ball, location: 2F 0-1: Foul Ball, location: 2F 0-2: Fly out, F8 (Flyball, 89M, EV 92.5 MPH)
|
|
Batting: LHB Jackson Trottier
|
0-0: Ball 1-0: Foul Ball, location: 2F 1-1: Swinging Strike 1-2: Strikes out swinging
|
|
Batting: RHB Jarno van Lente
|
0-0: Ball 1-0: Ball 2-0: Ball 3-0: Called Strike 3-1: SINGLE (Line Drive, 5, EV 100.0 MPH)
|
|
Batting: RHB To-wai Chen
|
0-0: Hit by Pitch Jarno van Lente to second
|
|
Batting: RHB Keith Goodwin
|
0-0: Ground out 4-3 (Groundball, 4M, EV 96.2 MPH)
|
| Top of the 8th over - 0 runs, 1 hit, 0 errors, 2 left on base; Houston 11 - Colorado 2 |
| BOTTOM OF THE 8TH |
|
Colorado Avalanche batting - Pitching for Houston Colt .45's : RHP Moises Hernandez Jr.
|
|
Batting: LHB Georges Lambert
|
0-0: Ball 1-0: Called Strike 1-1: SINGLE (Line Drive, 34D, EV 94.4 MPH)
|
|
Batting: RHB Bob Hayes
|
0-0: Ball 1-0: Ball 2-0: Swinging Strike 2-1: Fly out, F9 (Flyball, 9, EV 90.0 MPH)
|
|
Pitching: RHP Greg Otto
|
|
|
Batting: RHB Ray Insley
|
0-0: Called Strike 0-1: Called Strike 0-2: Ball 1-2: Ball 2-2: Grounds into double play, 6-4-3 (Groundball, 6, EV 106.9 MPH)
|
| Bottom of the 8th over - 0 runs, 1 hit, 0 errors, 0 left on base; Houston 11 - Colorado 2 |
| TOP OF THE 9TH |
|
Houston Colt .45's batting - Pitching for Colorado Avalanche : RHP Ryan Ward
|
|
Batting: RHB Gabe Allen
|
0-0: Called Strike 0-1: Swinging Strike 0-2: Ball 1-2: Fly out, F6 (Popup, 4MD, EV 61.9 MPH)
|
|
Batting: LHB Lou Toth
|
0-0: Ball 1-0: Foul Ball, location: 2F 1-1: Ball 2-1: Ball 3-1: Base on Balls
|
|
Batting: RHB Juan Mendoza
|
0-0: Grounds into double play, 6-4-3 (Groundball, 6, EV 83.1 MPH)
|
| Top of the 9th over - 0 runs, 0 hits, 0 errors, 0 left on base; Houston 11 - Colorado 2 |
| BOTTOM OF THE 9TH |
|
Colorado Avalanche batting - Pitching for Houston Colt .45's : RHP Greg Otto
|
|
Batting: RHB Chris Kinder
|
0-0: Foul Ball, location: 2F 0-1: Ball 1-1: Ball 2-1: Ball 3-1: Fly out, F9 (Flyball, 9LS, EV 93.8 MPH)
|
|
Batting: SHB Craig Ruzic
|
0-0: Ball 1-0: Fly out, F8 (Flyball, 89D, EV 88.1 MPH)
|
|
Batting: SHB Clayton Saunders
|
0-0: Ball 1-0: Ball 2-0: Fly out, F4 (Flyball, 4D, EV 87.5 MPH)
|
| Bottom of the 9th over - 0 runs, 0 hits, 0 errors, 0 left on base; Houston 11 - Colorado 2 |
|